 Dungeon Crawl Stone Soup version 0.23.2-40-g277498a001 (webtiles) character file.

Game seed: 9179033381448775996

47399 Dexcius the Severer (level 14, 0/193 HPs)
             Began as a Minotaur Berserker on Aug 26, 2019.
             Was the Champion of Trog.
             Slain by a 13-headed hydra (20 damage)
             ... on level 6 of the Lair of Beasts.
             The game lasted 01:07:32 (17213 turns).

Dexcius the Severer (Minotaur Berserker)           Turns: 17213, Time: 01:07:32

Health: 0/193      AC: 20    Str: 32    XL:     14   Next: 8%
Magic:  13/13      EV: 12    Int:  6    God:    Trog [******]
Gold:   1392       SH: 17    Dex: 13    Spells: 13/13 levels left

rFire    . . .     SeeInvis +   f - +6 war axe (elec)
rCold    . . .     Gourm    .   w - +0 shield
rNeg     . . .     Faith    .   v - +0 chain mail
rPois    .         Spirit   .   u - +3 crown of Dyrovepreva {rElec Int+2 SInv}
rElec    +         Reflect  .   o - +0 cloak
rCorr    .         Harm     .   n - +0 pair of gloves
MR       ++...                  C - +0 pair of boots
Stlth    ..........             (no amulet)
HPRegen  0.42/turn              d - +3 ring of strength
MPRegen  0.13/turn              D - ring of protection from magic

@: berserking, very quick
A: retaliatory headbutt, hooves 1, horns 2, large bone plates 1
a: Berserk, Trog's Hand, Brothers in Arms, Renounce Religion


You were on level 6 of the Lair of Beasts.
You worshipped Trog.
Trog was exalted by your worship.
You were not hungry.

You visited 2 branches of the dungeon, and saw 17 of its levels.
You also visited: Sewer.

You collected 1392 gold pieces.

Inventory:

Hand Weapons
 f - a +6 war axe of electrocution (weapon)
 i - a +4 great mace
Armour
 n - a +0 pair of gloves (worn)
 o - a +0 cloak (worn)
 u - the +3 crown of Dyrovepreva (worn) {rElec Int+2 SInv}
   (You found it in a sewer)

   It affects your intelligence (+2).
   It insulates you from electricity.
   It lets you see invisible.
 v - a +0 chain mail (worn)
 w - a +0 shield (worn)
 C - a +0 pair of boots (worn)
Jewellery
 d - a +3 ring of strength (left hand)
 D - a ring of protection from magic (right hand)
 J - an uncursed amulet of harm {unknown}
 K - an uncursed ring of see invisible {unknown}
Wands
 g - a wand of acid (17)
 t - a wand of digging (20)
 x - a wand of polymorph (9)
 A - a wand of enslavement (12)
 H - a wand of scattershot (6)
Scrolls
 a - 7 scrolls of enchant weapon
 b - 8 scrolls of identify
 e - 4 scrolls of enchant armour
 h - a scroll of blinking
 k - 10 scrolls of teleportation
 m - 6 scrolls of fear
 y - 5 scrolls of remove curse
 B - a scroll of torment {unknown}
 E - a scroll of acquirement {unknown}
 I - a scroll of magic mapping
Potions
 j - a potion of might
 l - a potion of magic
 p - 3 potions of flight
 q - 3 potions of haste
 r - 13 potions of heal wounds
 s - 9 potions of curing
 z - 2 potions of cancellation
 F - 2 potions of brilliance
 G - a potion of lignification {unknown}
Comestibles
 c - 24 rations


   Skills:
 + Level 13.3 Fighting
 + Level 17.1(17.5) Axes
 + Level 6.5(13.0) Maces & Flails
 + Level 12.2 Armour
 + Level 6.9 Dodging
 + Level 3.2 Stealth
 + Level 11.2 Shields


You had 13 spell levels left.
You didn't know any spells.
Your spell library was empty.

Dungeon Overview and Level Annotations

Branches:
Dungeon (11/15)            Temple (0/1) D:6            Lair (6/6) D:11
  Swamp (0/4) Lair:4        Snake (0/4) Lair:3
  Slime: Lair:5-6       Orc: D:9-12

Altars:
Ashenzari
Dithmenos
Elyvilon
Fedhas
Gozag
Kikubaaqudgha
Makhleb
Qazlal
Ru
Sif Muna
Trog
Uskayaw
Vehumet
Zin

Shops:
D:5 *   D:8 %

Annotations:
Lair:5 exclusion: 2 oklob plants
Lair:6 1 transporter, Htamos's ghost, journeyman KoMo


Innate Abilities, Weirdness & Mutations

You reflexively headbutt those who attack you in melee.
You have a pair of horns on your head.
You have large cloven feet.
You are partially covered in large bone plates. (SH +4)


Message History

Trog accepts your kill.
You slice one of the 12-headed hydra's heads off!
The 11-headed hydra grows two more!
You slash the 13-headed hydra!
Lightning courses through the 13-headed hydra!
You slash the water moccasin!
You slice one of the eight-headed hydra's heads off!
The seven-headed hydra grows two more!
You slash the nine-headed hydra!
Lightning courses through the nine-headed hydra!
You block the water moccasin's attack.
You block the 13-headed hydra's attack. x2
The 13-headed hydra bites you!
* * * LOW HITPOINT WARNING * * *
The 13-headed hydra bites you but does no damage.
The 13-headed hydra barely misses you.
The 13-headed hydra bites you but does no damage.
The 13-headed hydra closely misses you. The 13-headed hydra bites you.
* * * LOW HITPOINT WARNING * * *
The 13-headed hydra bites you.
* * * LOW HITPOINT WARNING * * *
The 13-headed hydra bites you!!
You die...

######..##.#.#P.# ###
#.#.#........P..### ##.###
##.P...............###.^.P#
#....###©####.......##...<.
##..##.### #####...##P.P#.
#..##..... #...©#....##...P
#..#....#. .#...##.........
##P.#..##..#......#.........
##...#...#..@DW##..#.P.......
#...##.#...DS#.....#...#.....
###.#....###[..##.##...#.....
#...##..#.$:=?..W.#....##....
##...###. #####..##.....#....
#.##...####.©.####...........
#####........................
#P...<#.#....#..<.........
#...#.........#...........


You could see a 13-headed hydra (berserk), a nine-headed hydra, a water moccasin
(berserk) and Htamos's ghost.

Vanquished Creatures
  Rupert (Lair:6)
  Gastronok (D:8)
  Erolcha (D:11)
  5 hydras
  A merfolk avatar (Lair:6)
  A catoblepas (Lair:4)
  An anaconda (Lair:6)
  A centaur warrior (D:7)
  The ghost of dracomuter the Destroyer, a novice DrCj of Vehumet (D:9)
  2 two-headed ogres (D:8)
  The ghost of FishyPogo the Fighter, a novice DsCK of Xom (D:7)
  An unseen horror (D:11)
  A sea snake (Lair:6)
  A lindwurm (Lair:5)
  The ghost of Dexcius the Cleaver, a novice MiBe of Trog (D:9)
  The ghost of tamionv the Chopper, a novice HOFi of Uskayaw (D:6)
  A harpy (Lair:6)
  3 oklob plants (Lair:5)
  A cyclops (D:11)
  2 moths of wrath (Lair:6)
  5 elephants
  10 spiny frogs
  4 rime drakes (Lair:6)
  A kobold demonologist (D:11)
  9 komodo dragons
  2 trolls
  7 polar bears
  2 hornets (Lair:6)
  2 wind drakes (Lair:6)
  4 blink frogs (Lair:2)
  7 hippogriffs
  A bog body (Lair:4)
  Sigmund (D:6)
  A spriggan (D:10)
  A shadow (D:8)
  2 basilisks
  32 yaks
  4 wyverns
  Grum (Lair:1)
  A soldier ant (D:10)
  2 acid dragons
  11 water moccasins
  7 porcupines
  A hornet zombie (D:10)
  2 ice beasts
  3 sky beasts
  2 eyes of draining
  9 ogres
  A black bear (D:9)
  4 necrophages
  3 wolves (Lair:1)
  5 centaurs
  15 crocodiles
  4 big kobolds
  16 bullfrogs
  2 scorpions (D:10)
  4 killer bees (D:10)
  3 howler monkeys
  11 wights
  4 crimson imps
  2 centaur zombies
  A jelly (D:11)
  A quasit (D:8)
  4 orc priests
  5 bullfrog zombies
  2 centaur skeletons
  7 hounds
  A bullfrog skeleton (D:11)
  Jessica (D:3)
  Terence (D:3)
  8 iguanas
  Natasha (thrice) (D:2)
  6 orc wizards
  6 worker ants
  2 killer bee zombies
  A spectral hound (D:10)
  3 hound zombies
  A hound skeleton (D:10)
  2 worker ant zombies
  A howler monkey zombie (D:5)
  Robin (D:3)
  11 gnolls
  10 adders
  7 river rats (Sewer)
  12 white imps (Lair:3)
  3 oozes
  3 adder skeletons
  2 worms
  2 dart slugs
  10 leopard geckos
  33 orcs
  5 ball pythons
  11 bats
  11 giant cockroaches
  19 goblins
  6 hobgoblins
  2 jackals (D:5)
  4 quokkas
  A ball python skeleton (D:4)
  6 frilled lizards
  33 kobolds
  A leopard gecko zombie (D:9)
  A quokka skeleton (D:7)
  27 rats
  5 fungi
  7 plants
  A withered plant (D:11)
526 creatures vanquished.

Vanquished Creatures (others)
  13 fungi (Lair:6)
  23 plants
36 creatures vanquished.

Grand Total: 562 creatures vanquished

Notes
Turn   | Place    | Note
-------+----------+-------------------------------------------
     0 | D:1      | Dexcius the Minotaur Berserker began the quest for the Orb.
     0 | D:1      | Reached XP level 1. HP: 19/19 MP: 0/0
   147 | D:1      | Reached skill level 4 in Axes
   149 | D:1      | Reached XP level 2. HP: 18/27 MP: 1/1
   554 | D:1      | Reached XP level 3. HP: 28/33 MP: 2/2
  1142 | D:2      | Reached ** piety under Trog
  1475 | D:2      | You fall through a shaft for 2 floors!
  1482 | D:4      | Reached skill level 1 in Stealth
  1482 | D:4      | Reached XP level 4. HP: 36/40 MP: 3/3
  1507 | D:4      | Reached skill level 5 in Axes
  1604 | D:2      | Noticed Natasha
  1611 | D:2      | Killed Natasha
  1611 | D:2      | Reached XP level 5. HP: 34/47 MP: 4/4
  1917 | D:2      | Noticed Natasha
  1924 | D:2      | Killed Natasha
  1938 | D:2      | Found a shadowy altar of Dithmenos.
  2191 | D:2      | Noticed Natasha
  2209 | D:2      | Killed Natasha
  2486 | D:3      | Noticed Robin
  2506 | D:3      | Killed Robin
  2598 | D:3      | Noticed Terence
  2608 | D:3      | Killed Terence
  2608 | D:3      | Reached skill level 6 in Axes
  2608 | D:3      | Reached XP level 6. HP: 53/53 MP: 5/5
  2692 | D:3      | Found a sacrificial altar of Ru.
  2703 | D:3      | Noticed Jessica
  2704 | D:3      | Killed Jessica
  2704 | D:3      | Reached *** piety under Trog
  2753 | D:3      | Found a radiant altar of Vehumet.
  3113 | D:4      | Found a bloodstained altar of Trog.
  3442 | D:4      | Found a burning altar of Makhleb.
  3731 | D:5      | Entered Level 5 of the Dungeon
  3751 | D:5      | Reached XP level 7. HP: 60/60 MP: 6/6
  3806 | D:5      | Found a glowing drain.
  3812 | D:5      | Reached skill level 5 in Fighting
  3826 | Sewer    | Entered a sewer
  3840 | Sewer    | Reached skill level 7 in Axes
  3912 | Sewer    | Reached **** piety under Trog
  4110 | Sewer    | Found the +3 crown of Dyrovepreva {rElec Int+2 SInv}
  4421 | D:5      | Reached ***** piety under Trog
  4447 | D:5      | Reached skill level 8 in Axes
  4513 | D:5      | Reached skill level 5 in Armour
  4558 | D:5      | Found a hide-covered altar of Uskayaw.
  4571 | D:5      | Found an opulent altar of Gozag.
  4574 | D:5      | Found Gozag's Platinum Reserve.
  4935 | D:6      | Reached XP level 8. HP: 61/69 MP: 7/7
  4967 | D:6      | Reached skill level 9 in Axes
  5010 | D:6      | Gained mutation: You are resistant to hostile enchantments.
                  | (MR+) [potion of mutation]
  5010 | D:6      | Gained mutation: You have sharp fingernails. [potion of
                  | mutation]
  5010 | D:6      | Gained mutation: You are dopey. (Int -2) [potion of
                  | mutation]
  5010 | D:6      | Gained mutation: You have a pair of large horns on your
                  | head. [potion of mutation]
  5018 | D:6      | Lost mutation: You are dopey. (Int -2) [potion of mutation]
  5018 | D:6      | Lost mutation: You are resistant to hostile enchantments.
                  | (MR+) [potion of mutation]
  5018 | D:6      | Lost mutation: You have sharp fingernails. [potion of
                  | mutation]
  5018 | D:6      | Lost mutation: You have a pair of large horns on your head.
                  | [potion of mutation]
  5018 | D:6      | Gained mutation: You have large cloven feet. [potion of
                  | mutation]
  5018 | D:6      | Gained mutation: You are partially covered in large bone
                  | plates. (SH +4) [potion of mutation]
  5150 | D:6      | Found a transporter.
  5152 | D:6      | Noticed tamionv's ghost (novice HOFi)
  5153 | D:6      | Found a transporter.
  5173 | D:6      | Reached skill level 10 in Axes
  5178 | D:6      | Killed tamionv's ghost
  5178 | D:6      | Reached XP level 9. HP: 44/78 MP: 8/8
  5349 | D:6      | Found a staircase to the Ecumenical Temple.
  5356 | D:6      | Found a sacrificial altar of Ru.
  5378 | D:6      | Noticed Sigmund
  5387 | D:6      | Killed Sigmund
  5387 | D:6      | Reached skill level 11 in Axes
  5910 | D:6      | Found a shattered altar of Ashenzari.
  6136 | D:7      | Found a stormy altar of Qazlal.
  6547 | D:7      | Found a white marble altar of Elyvilon.
  6564 | D:7      | Found Mostregres's Magic Scroll Emporium.
  6917 | D:8      | Found a shadowy altar of Dithmenos.
  6944 | D:8      | Noticed a two-headed ogre
  6955 | D:8      | Killed a two-headed ogre
  6955 | D:8      | Reached skill level 12 in Axes
  6955 | D:8      | Reached skill level 5 in Dodging
  6955 | D:8      | Reached skill level 1 in Shields
  7100 | D:8      | Received a gift from Trog
  7233 | D:8      | Noticed Gastronok
  7237 | D:8      | Reached XP level 10. HP: 88/88 MP: 9/9
  7243 | D:8      | Noticed a two-headed ogre
  7255 | D:8      | Killed Gastronok
  7255 | D:8      | Reached skill level 13 in Axes
  7256 | D:8      | Killed a two-headed ogre
  7264 | D:8      | Found Kod Ifukk's Food Shop.
  7266 | D:8      | Found a blossoming altar of Fedhas.
  7774 | D:8      | Found a runed translucent gate.
  7775 | D:8      | Found a runed translucent gate.
  7775 | D:8      | Found an opulent altar of Gozag.
  7776 | D:8      | Found a runed translucent gate.
  7777 | D:8      | Noticed FishyPogo's ghost (novice DsCK)
  7777 | D:8      | Noticed a centaur warrior
  7800 | D:7      | Killed a centaur warrior
  7800 | D:7      | Reached skill level 5 in Shields
  7804 | D:7      | Killed FishyPogo's ghost
  7804 | D:7      | Reached skill level 14 in Axes
  7804 | D:7      | Reached XP level 11. HP: 97/97 MP: 10/10
  8201 | D:9      | Identified the +12 long sword of Zurchuf {flame, rF+
                  | Stlth+}
  8246 | D:9      | Found an ancient bone altar of Kikubaaqudgha.
  8424 | D:9      | Found a radiant altar of Vehumet.
  8771 | D:9      | Found a deep blue altar of Sif Muna.
  8796 | D:9      | Found a runed translucent gate.
  8796 | D:9      | Found a runed translucent gate.
  8796 | D:9      | Found a runed translucent gate.
  8800 | D:9      | Noticed dracomuter's ghost (novice DrCj)
  8800 | D:9      | Noticed Dexcius's ghost (novice MiBe)
  8812 | D:9      | Killed Dexcius's ghost
  8824 | D:9      | Killed dracomuter's ghost
  9084 | D:10     | Entered Level 10 of the Dungeon
  9116 | D:10     | Received a gift from Trog
  9225 | D:10     | Reached skill level 10 in Fighting
  9617 | D:11     | Found an ancient bone altar of Kikubaaqudgha.
  9662 | D:11     | Reached skill level 15 in Axes
  9834 | D:11     | Noticed Erolcha
  9840 | D:11     | Killed Erolcha
  9919 | D:11     | Noticed an unseen horror
  9929 | D:11     | Killed an unseen horror
  9993 | D:11     | Received a gift from Trog
  9998 | D:11     | Reached XP level 12. HP: 87/107 MP: 11/11
 10040 | D:11     | Found a staircase to the Lair.
 10072 | Lair:1   | Entered Level 1 of the Lair of Beasts
 10511 | Lair:1   | Received a gift from Trog
 10517 | Lair:1   | Reached skill level 16 in Axes
 10520 | Lair:1   | Got a smoking battleaxe {god gift}
 10526 | Lair:1   | Identified the +9 battleaxe "Zeudda" {freeze, Fragile +Rage
                  | Str+10 Stlth-} (Trog gifted it to you on level 1 of the
                  | Lair of Beasts)
 10672 | Lair:1   | Noticed a five-headed hydra
 10678 | Lair:1   | Killed a five-headed hydra
 10721 | Lair:1   | Noticed Grum
 10728 | Lair:1   | Killed Grum
 11118 | Lair:2   | Reached skill level 10 in Armour
 12295 | Lair:3   | Noticed an eight-headed hydra
 12308 | Lair:3   | Killed an eight-headed hydra
 12308 | Lair:3   | Reached skill level 1 in Maces & Flails
 12719 | Lair:3   | Reached XP level 13. HP: 117/117 MP: 12/12
 12807 | Lair:3   | Reached ****** piety under Trog
 12935 | Lair:3   | Found a staircase to the Snake Pit.
 13493 | Lair:4   | Reached skill level 10 in Shields
 13936 | Lair:4   | Found a staircase to the Swamp.
 13945 | Lair:4   | Received a gift from Trog
 14605 | Lair:5   | Found a glowing silver altar of Zin.
 15177 | Lair:6   | Entered Level 6 of the Lair of Beasts
 15177 | Lair:6   | Found a transporter.
 15239 | Lair:6   | Noticed Rupert
 15257 | Lair:6   | Killed Rupert
 15415 | Lair:6   | Noticed Htamos's ghost (journeyman KoMo)
 15446 | Lair:6   | Found a transporter.
 15469 | Lair:6   | Paralysed by a hornet for 2 turns
 15585 | Lair:6   | Reached skill level 17 in Axes
 15641 | Lair:6   | HP: 5/178 [komodo dragon (20)]
 15692 | Lair:6   | Reached skill level 5 in Maces & Flails
 15853 | Lair:6   | Paralysed by a hornet for 3 turns
 16320 | Lair:6   | Found a bloodstained altar of Trog.
 16720 | Lair:6   | Reached XP level 14. HP: 90/129 MP: 13/13
 17213 | Lair:6   | Slain by a 13-headed hydra

Skill      XL: |  1  2  3  4  5  6  7  8  9 10 11 12 13 |
---------------+----------------------------------------+-----
Axes           | 4 5 6 8 10 12 14 15 16 17 | 17.1
Fighting       | 4 5 6 8 9 10 11 13 | 13.3
Stealth        | 1 2 3 |  3.2
Dodging        | 3 4 5 6 |  6.9
Armour         | 3 4 5 7 8 9 10 12 | 12.2
Shields        | 1 5 7 9 11 | 11.2
Maces & Flails | 1 6 |  6.5

Action                   |  1- 3 |  4- 6 |  7- 9 | 10-12 | 13-15 || total
-------------------------+-------+-------+-------+-------+-------++-------
Melee: Hand axe          |    79 |    73 |       |       |       ||   152
       Headbutt          |    10 |    19 |    58 |   117 |    77 ||   281
       War axe           |       |    44 |   261 |   437 |   193 ||   935
       Kick              |       |       |    39 |   165 |     9 ||   213
       Great mace        |       |       |       |     8 |    72 ||    80
       Battleaxe         |       |       |       |     2 |       ||     2
Invok: Berserk           |       |     1 |       |     5 |     2 ||     8
  Use: Scroll            |     1 |     5 |     9 |     6 |     4 ||    25
       Potion            |     1 |       |    10 |     2 |     3 ||    16
 Stab: Sleeping          |     3 |       |       |       |       ||     3
  Eat: Ration            |     1 |     2 |     4 |     6 |     5 ||    18
Armor: Animal skin       |     8 |       |       |       |       ||     8
       Ring mail         |    18 |    25 |       |       |       ||    43
       Scale mail        |       |    13 |    69 |       |       ||    82
       Chain mail        |       |       |    54 |   119 |   147 ||   320
Dodge: Dodged            |    63 |    74 |   135 |   104 |   113 ||   489
Block: Other             |       |       |    11 |     8 |    20 ||    39
       Shield            |       |       |    25 |   254 |   146 ||   425
